 Dungeon Crawl Stone Soup version 0.18.1-6-gd335043 (webtiles) character file.

63 oplop the Skirmisher (level 4, -2/37 HPs)
             Began as a Formicid Abyssal Knight on May 17, 2016.
             Was a Believer of Lugonu.
             Slain by a worm (8 damage)
             ... on level 2 of the Dungeon.
             The game lasted 00:02:17 (1306 turns).

oplop the Skirmisher (Formicid Abyssal Knight)      Turns: 1306, Time: 00:02:18

Health: -2/37      AC:  3    Str: 16    XL:     4   Next: 30%
Magic:  6/6        EV: 11    Int: 12    God:    Lugonu [**....]
Gold:   41         SH:  0    Dex: 11    Spells: 0 memorised, 3 levels left

rFire  . . .     SeeInvis +     a - +1 hand axe
rCold  + . .     Gourm    .     b - +0 leather armour
rNeg   . . .     Faith    .     (no shield)
rPois  .         Spirit   .     (helmet unavailable)
rElec  .         Dismiss  .     (no cloak)
rCorr  .         Reflect  .     (no gloves)
SustAt .         Harm     .     (no boots)
MR     .....                    (no amulet)
Stlth  +.........               (no ring)
                                r - ring of protection from cold

@: lethally poisoned (-2 -> -3), not resistant to hostile enchantments, very
unstealthy
A: permanent stasis, dig shafts and tunnels, four strong arms, antennae 3
a: Dig, Shaft Self, Depart the Abyss, Bend Space, Renounce Religion


You were on level 2 of the Dungeon.
You worshipped Lugonu.
Lugonu was pleased with you.
You were not hungry.

You visited 1 branch of the dungeon, and saw 2 of its levels.
You visited the Abyss 1 time.

You collected 41 gold pieces.

Inventory:

Hand Weapons
 a - a +1 hand axe (weapon)
Armour
 b - a +0 leather armour (worn)
 q - a +0 large shield
Jewellery
 r - a ring of protection from cold (left hand)
Scrolls
 f - a scroll of enchant weapon {unknown}
 g - a scroll of immolation {unknown}
 j - 2 scrolls of identify {unknown}
 k - a scroll of recharging {unknown}
 n - a scroll of amnesia {unknown}
 o - a scroll of remove curse {unknown}
 s - a scroll of fog {unknown}
Potions
 e - a potion of heal wounds {unknown}
 h - a potion of cancellation {unknown}
 m - a potion of mutation {unknown}
 p - 2 potions of curing {unknown}
Comestibles
 c - a bread ration
 d - a meat ration
 i - a beef jerky
 l - a slice of pizza


   Skills:
 + Level 4.0 Fighting
 + Level 2.8 Axes
 - Level 2.1 Armour
 - Level 0.8 Dodging
 + Level 3.5 Invocations


You had 3 spell levels left.
You didn't know any spells.

Dungeon Overview and Level Annotations

Branches:
Dungeon (2/15)

Altars:
Cheibriados
Yredelemnul

Annotations:
D:2 exclusion: door


Innate Abilities, Weirdness & Mutations

You are under a permanent stasis effect.
You can dig through walls and to a lower floor.
Your four strong arms can wield two-handed weapons with a shield.
You have a pair of large antennae on your head (SInv).


Message History

The slug dart misses you.
You closely miss the rat. The rat barely misses you.
The dart slug launches a dart at you. The slug dart hits you!
You hit the rat.
You kill the rat!
Lugonu accepts your kill. The dart slug launches a dart at you.
The slug dart hits you!
You feel sick. The worm bites you.
You barely miss the worm. You slash the worm!
The worm is moderately wounded.
The dart slug launches a dart at you. The slug dart hits you!
The worm bites you!
* * * LOW HITPOINT WARNING * * *
You are too injured to fight recklessly!
You feel sick. The worm bites you!
You die...

#...÷......)...#########.
##.#####.#####.......?..
#.# #.# ##........# #.#
#.# #.....#...# #.# #.#
#.....#.#... #.# #.#
##.......#..# #.# #.#
#...##......# #.# #.#
#...w.w....#... #.#
#.?.@##w...# . #. #.#
...............). .. #.#
###...##...##.... #. #.#
#.#. .##.....## #. #.# #
# #. ...### #. #.# .....#
#. #.# .. # #######.
##.## ### #.......
#...#############
#.#####.


You could see a worm and a dart slug.

Vanquished Creatures
  3 adders (D:2)
  An ooze (D:1)
  2 dart slugs (D:2)
  3 giant cockroaches
  4 hobgoblins
  6 kobolds
  A ball python (D:2)
  5 bats
  2 giant newts
  3 rats
30 creatures vanquished.

Notes
Turn   | Place    | Note
--------------------------------------------------------------
     0 | Abyss:1  | oplop the Formicid Abyssal Knight began the quest for the Orb.
     0 | Abyss:1  | Reached XP level 1. HP: 18/18 MP: 2/2
     0 | Abyss:1  | Wingboner: Главное самому не попасть под своих же мобов.
     0 | Abyss:1  | oplop: хы
     7 | D:1      | Escaped the Abyss
   156 | D:1      | Reached XP level 2. HP: 19/24 MP: 3/3
   631 | D:2      | Reached XP level 3. HP: 25/30 MP: 3/5
   886 | D:2      | Found a snail-covered altar of Cheibriados.
   921 | D:2      | Reached ** piety under Lugonu
   951 | D:1      | Reached XP level 4. HP: 19/37 MP: 6/6
  1206 | D:2      | Found a basalt altar of Yredelemnul.
  1289 | D:2      | Reached skill level 4 in Fighting
  1306 | D:2      | Slain by a worm

Skill      XL: |  1  2  3  4 |
---------------+-------------+-----
Invocations    | 3 |  3.5
Fighting       | 4 |  4.0
Axes           | |  2.8
Armour         | |  2.1
Dodging        | |  0.8

Action                   |  1- 3 |  4- 6 || total
-------------------------+-------+-------++-------
Melee: Hand axe          |    73 |    19 ||    92
  Eat: Chunk             |       |     1 ||     1
Armor: Leather armour    |    22 |     4 ||    26
Dodge: Dodged            |    40 |    12 ||    52
